[ AOE2 MATCH · #507036987 ]
UnrankedBohemians vs Malians
Player's team · WIN
Rival team · LOSS
[ REPLAY ANALYSIS · EXTRACTED FROM THE RECORDED GAME ]
Feudal
8:27
Castle
20:48
Imperial
—
| APM avg | 74.7 |
| APM peak | 110 |
| eAPM avg | 32.1 |
| Villagers / military | 69 / 60 |
Focus
⚔️ 40.1% · 🌾 59.9%
Archer ×55 · Mangonel ×5
Feudal
8:51
Castle
20:51
Imperial
—
| APM avg | 49.5 |
| APM peak | 85 |
| eAPM avg | 23.2 |
| Villagers / military | 73 / 57 |
Focus
⚔️ 38.9% · 🌾 61.1%
Archer ×47 · Skirmisher ×4 · Militia ×3 · Mangonel ×3
Match map
Initial resources + every placement click. Lines = walls · curves = elevation contours. ◆ gold · ⬟ stone · ● berries · ✦ relic · ◌ wall gap
Your base· Open — 4t gap
sane's base· ✓ Closed at 20:51 · 23t walls · 1 gate(s)
Smoothed initial terrain · ◌ = detected wall gap · hover for details
Inputs per minute
— DK_Partyman96 - - sane
Build order — DK_Partyman96
First 150 of 227 actions detected
| 0:01 | Create | Villager (Male) |
| 0:01 | Create | Villager (Male) |
| 0:01 | Create | Villager (Male) |
| 0:02 | Build | House |
| 0:03 | Build | House |
| 0:14 | Create | Villager (Male) |
| 1:28 | Create | Villager (Male) |
| 1:44 | Build | Lumber Camp |
| 1:47 | Create | Villager (Male) |
| 2:27 | Create | Villager (Male) |
| 2:45 | Create | Villager (Male) |
| 3:11 | Create | Villager (Male) |
| 3:36 | Create | Villager (Male) |
| 3:38 | Create | Villager (Male) |
| 3:48 | Build | House |
| 3:49 | Build | House |
| 4:03 | Create | Villager (Male) |
| 4:49 | Create | Villager (Male) |
| 5:09 | Create | Villager (Male) |
| 5:24 | Create | Villager (Male) |
| 5:31 | Build | Mining Camp |
| 5:47 | Research | Loom |
| 6:17 | Research | Feudal Age |
| 7:53 | Build | Barracks |
| 8:07 | Create | Villager (Male) |
| 8:27 | Age | Feudal Age |
| 8:32 | Research | Double-Bit Axe |
| 8:42 | Build | Archery Range |
| 8:50 | Create | Villager (Male) |
| 9:01 | Create | Villager (Male) |
| 9:21 | Create | Archer |
| 9:46 | Build | Palisade Wall |
| 9:55 | Create | Archer |
| 9:57 | Create | Villager (Male) |
| 9:57 | Create | Villager (Male) |
| 10:02 | Build | Mill |
| 10:10 | Build | House |
| 10:15 | Build | House |
| 10:15 | Build | Palisade Wall |
| 10:18 | Create | Archer |
| 10:28 | Build | Palisade Wall |
| 10:30 | Build | Palisade Wall |
| 10:35 | Create | Archer |
| 10:49 | Build | House |
| 10:51 | Create | Archer |
| 10:57 | Create | Villager (Male) |
| 10:58 | Create | Villager (Male) |
| 11:08 | Build | House |
| 11:08 | Build | Palisade Wall |
| 11:10 | Build | Palisade Wall |
| 11:12 | Create | Archer |
| 11:26 | Create | Villager (Male) |
| 11:27 | Create | Villager (Male) |
| 11:48 | Create | Archer |
| 12:17 | Create | Villager (Male) |
| 12:20 | Build | Blacksmith |
| 12:31 | Create | Archer |
| 12:42 | Create | Villager (Male) |
| 12:43 | Create | Villager (Male) |
| 12:45 | Build | Farm |
| 12:46 | Build | Farm |
| 12:58 | Create | Villager (Male) |
| 13:11 | Create | Archer |
| 13:12 | Create | Villager (Male) |
| 13:15 | Build | House |
| 13:16 | Build | Palisade Wall |
| 13:26 | Create | Villager (Male) |
| 13:30 | Build | House |
| 13:31 | Build | Palisade Wall |
| 13:32 | Create | Villager (Male) |
| 13:36 | Build | Farm |
| 13:45 | Create | Archer |
| 13:47 | Create | Villager (Male) |
| 14:09 | Create | Villager (Male) |
| 14:10 | Build | Farm |
| 14:16 | Create | Villager (Male) |
| 14:18 | Build | Farm |
| 14:24 | Create | Villager (Male) |
| 14:31 | Build | Farm |
| 14:34 | Create | Archer |
| 14:39 | Build | Farm |
| 14:52 | Build | Farm |
| 14:59 | Research | Fletching |
| 14:59 | Research | Fletching |
| 15:08 | Create | Villager (Male) |
| 15:13 | Build | Farm |
| 15:14 | Build | Farm |
| 15:23 | Build | Farm |
| 15:24 | Create | Villager (Male) |
| 15:32 | Create | Archer |
| 16:02 | Build | Farm |
| 16:08 | Create | Villager (Male) |
| 16:20 | Build | Farm |
| 16:22 | Create | Archer |
| 16:29 | Build | Farm |
| 16:42 | Create | Archer |
| 16:43 | Create | Villager (Male) |
| 16:51 | Build | Farm |
| 16:53 | Create | Archer |
| 17:03 | Build | Farm |
| 17:08 | Create | Villager (Male) |
| 17:21 | Build | Farm |
| 17:27 | Create | Archer |
| 17:32 | Create | Villager (Male) |
| 18:07 | Research | Castle Age |
| 18:07 | Research | Castle Age |
| 18:13 | Build | Lumber Camp |
| 18:33 | Create | Archer |
| 18:40 | Research | Padded Archer Armor |
| 18:46 | Build | Archery Range |
| 18:48 | Create | Archer |
| 19:04 | Create | Archer |
| 19:16 | Create | Archer |
| 19:26 | Create | Archer |
| 19:44 | Create | Archer |
| 19:47 | Build | House |
| 19:52 | Build | House |
| 19:53 | Build | House |
| 20:02 | Create | Archer |
| 20:44 | Create | Villager (Male) |
| 20:48 | Age | Castle Age |
| 20:48 | Build | University |
| 20:50 | Research | Crossbowman (upgrade) |
| 20:50 | Research | Bodkin Arrow |
| 21:01 | Create | Archer |
| 21:02 | Create | Villager (Male) |
| 21:11 | Build | Siege Workshop |
| 21:17 | Create | Archer |
| 21:19 | Create | Villager (Male) |
| 21:28 | Create | Archer |
| 21:48 | Research | Ballistics |
| 21:48 | Research | Ballistics |
| 21:51 | Create | Villager (Male) |
| 21:59 | Build | House |
| 22:04 | Create | Villager (Male) |
| 22:20 | Create | Archer |
| 22:21 | Create | Archer |
| 22:24 | Research | Bow Saw |
| 22:33 | Build | House |
| 22:36 | Create | Archer |
| 22:43 | Build | House |
| 22:47 | Build | Farm |
| 22:47 | Build | Farm |
| 22:53 | Create | Archer |
| 22:56 | Create | Villager (Male) |
| 22:58 | Create | Villager (Male) |
| 23:19 | Build | House |
| 23:24 | Create | Mangonel |
| 23:24 | Create | Mangonel |
| 23:36 | Build | House |
Build order — sane
First 150 of 218 actions detected
| 0:00 | Create | Villager (Male) |
| 0:01 | Create | Villager (Male) |
| 0:01 | Create | Villager (Male) |
| 0:01 | Create | Villager (Male) |
| 0:02 | Build | House |
| 0:04 | Build | House |
| 1:18 | Create | Villager (Male) |
| 1:44 | Build | Lumber Camp |
| 1:56 | Create | Villager (Male) |
| 2:10 | Create | Villager (Male) |
| 2:43 | Create | Villager (Male) |
| 3:04 | Build | House |
| 3:20 | Create | Villager (Male) |
| 3:20 | Create | Villager (Male) |
| 3:40 | Create | Villager (Male) |
| 3:56 | Create | Villager (Male) |
| 4:46 | Create | Villager (Male) |
| 4:52 | Create | Villager (Male) |
| 4:55 | Build | Barracks |
| 5:00 | Create | Villager (Male) |
| 5:09 | Build | House |
| 5:57 | Research | Loom |
| 6:30 | Build | Mining Camp |
| 6:39 | Research | Feudal Age |
| 6:53 | Create | Militia |
| 7:13 | Create | Militia |
| 7:30 | Create | Militia |
| 8:00 | Create | Villager (Male) |
| 8:25 | Create | Villager (Male) |
| 8:51 | Age | Feudal Age |
| 8:52 | Build | Archery Range |
| 8:53 | Research | Man-at-Arms (upgrade) |
| 9:09 | Create | Villager (Male) |
| 9:18 | Create | Villager (Male) |
| 9:39 | Create | Villager (Male) |
| 9:52 | Create | Villager (Male) |
| 10:00 | Build | House |
| 10:02 | Build | House |
| 10:05 | Build | Mill |
| 10:10 | Create | Villager (Male) |
| 10:13 | Create | Skirmisher |
| 10:20 | Build | House |
| 10:21 | Build | Palisade Wall |
| 10:26 | Build | Palisade Wall |
| 10:41 | Build | Palisade Wall |
| 10:45 | Build | Farm |
| 10:46 | Build | Farm |
| 10:50 | Build | Farm |
| 10:54 | Create | Skirmisher |
| 11:13 | Build | Farm |
| 11:15 | Create | Villager (Male) |
| 11:31 | Build | Farm |
| 11:32 | Create | Villager (Male) |
| 11:45 | Build | Palisade Wall |
| 11:47 | Build | House |
| 11:50 | Create | Villager (Male) |
| 12:04 | Build | Farm |
| 12:05 | Build | Farm |
| 12:09 | Create | Skirmisher |
| 12:30 | Create | Skirmisher |
| 12:31 | Create | Archer |
| 12:43 | Create | Villager (Male) |
| 12:46 | Build | Farm |
| 12:57 | Create | Villager (Male) |
| 12:58 | Create | Archer |
| 13:19 | Create | Villager (Male) |
| 13:24 | Build | Farm |
| 13:26 | Build | Farm |
| 13:30 | Research | Double-Bit Axe |
| 13:33 | Create | Archer |
| 13:49 | Create | Villager (Male) |
| 13:53 | Create | Archer |
| 14:05 | Build | Blacksmith |
| 14:05 | Create | Villager (Male) |
| 14:09 | Create | Archer |
| 14:11 | Create | Villager (Male) |
| 14:17 | Build | Farm |
| 14:23 | Create | Archer |
| 14:31 | Build | Farm |
| 14:32 | Create | Villager (Male) |
| 14:38 | Create | Archer |
| 14:52 | Build | House |
| 14:53 | Research | Fletching |
| 15:05 | Create | Villager (Male) |
| 15:07 | Build | Farm |
| 15:09 | Build | Farm |
| 15:13 | Create | Archer |
| 15:25 | Build | Farm |
| 15:31 | Create | Villager (Male) |
| 15:35 | Create | Archer |
| 15:46 | Create | Villager (Male) |
| 15:50 | Build | Farm |
| 15:53 | Build | Farm |
| 15:54 | Create | Villager (Male) |
| 16:05 | Build | Palisade Gate |
| 16:09 | Build | House |
| 16:15 | Create | Archer |
| 16:28 | Create | Archer |
| 16:40 | Create | Villager (Male) |
| 16:56 | Create | Villager (Male) |
| 17:02 | Build | House |
| 17:18 | Create | Villager (Male) |
| 17:40 | Create | Archer |
| 17:45 | Create | Archer |
| 18:11 | Research | Castle Age |
| 18:34 | Create | Archer |
| 18:39 | Build | Lumber Camp |
| 18:40 | Build | Archery Range |
| 18:42 | Create | Archer |
| 18:49 | Research | Gold Mining |
| 18:50 | Create | Archer |
| 19:05 | Create | Archer |
| 19:07 | Create | Villager (Male) |
| 19:10 | Build | House |
| 19:11 | Build | House |
| 19:12 | Build | House |
| 19:13 | Build | House |
| 19:18 | Create | Archer |
| 19:24 | Create | Archer |
| 19:28 | Create | Archer |
| 19:34 | Create | Archer |
| 19:36 | Create | Archer |
| 19:47 | Create | Archer |
| 20:02 | Create | Archer |
| 20:05 | Create | Archer |
| 20:15 | Create | Villager (Male) |
| 20:51 | Age | Castle Age |
| 20:51 | Research | Crossbowman (upgrade) |
| 20:52 | Research | Bodkin Arrow |
| 20:55 | Build | University |
| 20:59 | Create | Archer |
| 21:18 | Create | Villager (Male) |
| 21:19 | Research | Bow Saw |
| 21:21 | Create | Archer |
| 21:32 | Create | Archer |
| 21:43 | Create | Villager (Male) |
| 21:47 | Build | Town Center |
| 21:57 | Build | House |
| 21:58 | Build | House |
| 22:00 | Create | Archer |
| 22:06 | Research | Ballistics |
| 22:10 | Create | Villager (Male) |
| 22:14 | Create | Villager (Male) |
| 22:18 | Build | House |
| 22:18 | Build | House |
| 22:25 | Build | Farm |
| 22:25 | Build | Farm |
| 22:30 | Create | Archer |
| 22:40 | Create | Archer |
| 22:43 | Research | Horse Collar |
Match timeline
| 4:55 | sane · first_building Barracks |
| 7:53 | DK_Partyman96 · first_building Barracks |
| 8:27 | DK_Partyman96 · age_up feudal |
| 8:42 | DK_Partyman96 · first_building Archery Range |
| 8:51 | sane · age_up feudal |
| 8:52 | sane · first_building Archery Range |
| 9:46 | DK_Partyman96 · wall_segment Palisade Wall x1 |
| 10:15 | DK_Partyman96 · wall_segment Palisade Wall x4 |
| 10:21 | sane · wall_segment Palisade Wall x9 |
| 10:26 | sane · wall_segment Palisade Wall x1 |
| 10:28 | DK_Partyman96 · wall_segment Palisade Wall x4 |
| 10:30 | DK_Partyman96 · wall_segment Palisade Wall x11 |
| 10:41 | sane · wall_segment Palisade Wall x12 |
| 11:08 | DK_Partyman96 · wall_segment Palisade Wall x5 |
| 11:10 | DK_Partyman96 · wall_segment Palisade Wall x1 |
| 11:45 | sane · wall_segment Palisade Wall x1 |
| 13:16 | DK_Partyman96 · wall_segment Palisade Wall x1 |
| 13:31 | DK_Partyman96 · wall_segment Palisade Wall x2 |
| 20:48 | DK_Partyman96 · age_up castle |
| 20:51 | sane · age_up castle |
| 21:11 | DK_Partyman96 · first_building Siege Workshop |
| 24:55 | sane · first_building Siege Workshop |
| 26:14 | DK_Partyman96 · first_building Monastery |
| 29:23 | sane · resign |
[ AI ANALYSIS · 1 CREDIT ]
What really happened in this match?
Wolo.gg analyzes every decision: build order, eco, micro, common mistakes by bracket. Personalized analysis on WhatsApp or Discord in 30 seconds.
Civ guide
Bohemians
Perfil
DK_Partyman96